 Dungeon Crawl Stone Soup version 0.30-a0-557-ge2afbf3030 (webtiles) character file.

Game seed: 6512121324934222049

674 billz999 the Magician (level 7, -1/53 HPs)
             Began as a Gnoll Wanderer on Dec 27, 2022.
             Slain by Pikel
             ... wielding a +2 whip of flaming
              (4 damage)
             ... on level 3 of the Dungeon.
             The game lasted 00:09:58 (4018 turns).

billz999 the Magician (Gnoll Wanderer)              Turns: 4018, Time: 00:09:58

Health: -1/53      AC:  6    Str: 10    XL:     7   Next: 59%
Magic:  15/15      EV: 12    Int: 20    God:
Gold:   295        SH:  5    Dex: 15    Spells: 13/17 levels left

rFire   . . .      SeeInvis .    m - +4 short sword "Xakhub" {venom, Int+2 Dex+3}
rCold   . . .      Faith    .    c - +0 buckler
rNeg    + . .      Spirit   .    e - +0 robe
rPois   .          Reflect  .    o - +2 helmet "Bowuqiq" {Will+ Int+4}
rElec   .          Harm     .    z - +0 cloak
rCorr   .          Rampage  .    (no gloves)
Will    +....                    (no boots)
Stlth   ++                       s - amulet of regeneration
HPRegen 1.08/turn                i - ring of positive energy
MPRegen 0.14/turn                (no ring)

@: no status effects
A: fangs 1, strong nose, distributed training
a: no special abilities


You were on level 3 of the Dungeon.
You visited 1 branch of the dungeon, and saw 5 of its levels.

You collected 295 gold pieces.

Inventory:

Hand Weapons
 a - a +3 dagger
 m - the +4 short sword "Xakhub" (weapon) {venom, Int+2 Dex+3}
   (You acquired it on level 2 of the Dungeon)

   It poisons the flesh of those it strikes.
   Int:       It affects your intelligence (+2).
   Dex:       It affects your dexterity (+3).
Missiles
 b - 2 curare-tipped darts (quivered)
Armour
 c - a +0 buckler (worn)
 e - a +0 robe (worn)
 o - the +2 helmet "Bowuqiq" (worn) {Will+ Int+4}
   (You acquired it on level 2 of the Dungeon)

   Int:       It affects your intelligence (+4).
   Will:      It increases your willpower.
 z - a +0 cloak (worn)
Jewellery
 i - a ring of positive energy (left hand)
 s - an amulet of regeneration (around neck)
Wands
 w - a wand of light (6)
Scrolls
 d - a scroll of fear
 j - a scroll of magic mapping
 l - a scroll of brand weapon {unknown}
 v - a scroll of fog
 x - 2 scrolls of noise {unknown}
 y - a scroll of identify
Potions
 f - 3 potions of heal wounds
 g - 3 potions of mutation
 h - 2 potions of might {unknown}
 k - 2 potions of cancellation {unknown}
 n - 2 potions of curing {unknown}
 p - a potion of invisibility {unknown}
 q - a potion of attraction {unknown}
 r - 2 potions of lignification {unknown}
 t - a potion of resistance {unknown}
 u - a potion of ambrosia {unknown}


   Skills:
 + Level 3.8 Fighting
 + Level 2.7 Short Blades
 + Level 2.7 Long Blades
 + Level 2.7 Axes
 + Level 2.7 Maces & Flails
 + Level 2.7 Polearms
 + Level 2.7 Staves
 + Level 2.7 Ranged Weapons
 + Level 5.3 Throwing
 + Level 2.7 Armour
 + Level 2.7 Dodging
 + Level 3.6 Stealth
 + Level 3.8 Shields
 + Level 2.7 Unarmed Combat
 + Level 5.7 Spellcasting
 + Level 2.2 Conjurations
 + Level 2.2 Hexes
 + Level 2.2 Summonings
 + Level 2.2 Necromancy
 + Level 2.2 Translocations
 + Level 2.2 Transmutations
 + Level 3.1 Fire Magic
 + Level 2.2 Ice Magic
 + Level 2.2 Air Magic
 + Level 2.2 Earth Magic
 + Level 2.2 Poison Magic
 + Level 3.0 Invocations
 + Level 5.3 Evocations


You had 13 spell levels left.
You knew the following spells:

 Your Spells              Type           Power      Damage    Failure   Level
a - Foxfire               Conj/Fire      64%        2x1d7     4%          1
b - Inner Flame           Hex/Fire       16%        N/A       14%         3

Your spell library contained the following spells:

 Spells                   Type           Power      Damage    Failure   Level
 Flame Wave               Conj/Fire      16%        2d7       41%         4
 Sticky Flame             Conj/Fire      16%        2d4       41%         4


Dungeon Overview and Level Annotations

Branches:
Dungeon (5/15)             Temple (0/1) D:4

Altars:
Cheibriados
Okawaru

Shops:
D:1 [   D:3 :

Annotations:
D:3 Pikel


Innate Abilities, Weirdness & Mutations

You have very sharp teeth.
Your uncanny sense of smell can sniff out nearby items.
Your experience applies equally to all skills.


Message History

There is a stone staircase leading down, spattered with blood here.
You climb downwards.
Level annotation: Pikel You block Pikel's attack.
The lemure closely misses you.
Pikel hits you with a +2 whip of flaming.
Pikel burns you. The lemure misses you.
There is a stone staircase leading up here.
You closely miss Pikel. Your bite misses Pikel.
Pikel hits you with a +2 whip of flaming.
Pikel burns you. The lemure hits you. Pikel misses you. The lemure hits you.
The jelly closely misses you.
You climb upwards.
There is a stone staircase leading down, spattered with blood here.
Sorry, you're not good enough to have a special ability.
Unknown command.
You hit Pikel.
Pikel is poisoned.
Pikel is lightly wounded.
Pikel closely misses you.
The jelly jiggles.
The jelly barely misses you.
You barely miss Pikel.
Pikel is lightly wounded.
You hit Pikel but do no damage. Your bite misses Pikel.
Pikel is lightly wounded.
Pikel hits you with a +2 whip of flaming!
Pikel burns you. The jelly barely misses you.
You puncture Pikel!
Pikel looks as sick as possible!
Your bite misses Pikel.
Pikel is moderately wounded.
Pikel barely misses you. The jelly barely misses you.
You hit Pikel.
Pikel looks as sick as possible!
Pikel is heavily wounded.
Pikel hits you with a +2 whip of flaming!
Pikel burns you. The jelly hits you.
You are splashed with acid!
* * * LOW HITPOINT WARNING * * *
You hit Pikel.
Pikel looks as sick as possible!
Pikel is heavily wounded.
Pikel hits you with a +2 whip of flaming!
* * * LOW HITPOINT WARNING * * *
Pikel burns you.
You die...

..##.### #.##### ####.# #.# #
#.# #.##### # #.# #.#....
####.### ######.#.### ##..)..#
##...##.#.# ##.....#####
##[....#.#.#
##.........#########........#.#
##......[.....5J@K..........#.#
##.....###.#########........#.#
####.#####.# ##.....#.#.### #
#.......# ##...#.)..... #
#.####### ##.##.#...)< # #.#
#.##...#### # ####### ###
#.###### ###.###.###.### #.#
.#.#.#.#.#.#..# #.#


You could see Pikel (extremely poisoned), a lemure and a jelly.

Vanquished Creatures
  Sigmund (D:3)
  A black bear (D:5)
  2 phantoms (D:4)
  2 lemures
  Crazy Yiuf (D:3)
  A hound (D:4)
  2 iguanas (D:4)
  2 orc wizards (D:4)
  3 adders
  2 worms (D:3)
  2 dart slugs
  5 orcs
  8 endoplasms
  5 giant cockroaches
  13 goblins
  8 hobgoblins
  2 jackals (D:2)
  6 kobolds
  3 quokkas
  8 ball pythons
  A bat (D:2)
  4 frilled lizards
  6 rats
88 creatures vanquished.

Vanquished Creatures (others)
  260 foxfires
260 creatures vanquished.

Grand Total: 348 creatures vanquished

Notes
Turn   | Place    | Note
-------+----------+-------------------------------------------
     0 | D:1      | billz999 the Gnoll Wanderer began the quest for the Orb.
     0 | D:1      | billz999 set off with the following items: a +2 dagger, 2
                  | curare-tipped darts, a +0 buckler, a scroll of fear, a +0
                  | robe; and the following spell memorised: Foxfire; and the
                  | following spells available to memorise: Inner Flame.
     0 | D:1      | Reached XP level 1. HP: 17/17 MP: 6/6
   144 | D:1      | Reached XP level 2. HP: 17/23 MP: 2/7
   644 | D:1      | Found Ruuqo's Armour Shoppe.
   898 | D:1      | Reached skill level 5 in Spellcasting
   898 | D:1      | Reached XP level 3. HP: 28/28 MP: 6/9
   976 | D:1      | Learned a level 3 spell: Inner Flame
  1139 | D:2      | Identified 2 scrolls of acquirement
  1139 | D:2      | Acquired the +2 helmet "Bowuqiq" {Will+ Int+4}
  1148 | D:2      | Acquired the +4 short sword "Xakhub" {venom, Int+2 Dex+3}
  1177 | D:2      | Reached skill level 1 in Invocations
  1707 | D:2      | Reached skill level 1 in Short Blades
  1707 | D:2      | Reached skill level 1 in Long Blades
  1707 | D:2      | Reached skill level 1 in Axes
  1707 | D:2      | Reached skill level 1 in Maces & Flails
  1707 | D:2      | Reached skill level 1 in Polearms
  1707 | D:2      | Reached skill level 1 in Staves
  1707 | D:2      | Reached skill level 1 in Ranged Weapons
  1707 | D:2      | Reached skill level 1 in Armour
  1707 | D:2      | Reached skill level 1 in Dodging
  1707 | D:2      | Reached skill level 1 in Unarmed Combat
  1921 | D:2      | Reached XP level 4. HP: 34/34 MP: 7/11
  2086 | D:3      | Found a runed translucent door.
  2087 | D:3      | Noticed Crazy Yiuf
  2491 | D:3      | Reached skill level 1 in Conjurations
  2491 | D:3      | Reached skill level 1 in Hexes
  2491 | D:3      | Reached skill level 1 in Summonings
  2491 | D:3      | Reached skill level 1 in Necromancy
  2491 | D:3      | Reached skill level 1 in Translocations
  2491 | D:3      | Reached skill level 1 in Transmutations
  2491 | D:3      | Reached skill level 1 in Ice Magic
  2491 | D:3      | Reached skill level 1 in Air Magic
  2491 | D:3      | Reached skill level 1 in Earth Magic
  2491 | D:3      | Reached skill level 1 in Poison Magic
  2532 | D:3      | Noticed Sigmund
  2542 | D:3      | Killed Sigmund
  2543 | D:3      | Reached XP level 5. HP: 41/41 MP: 3/12
  2543 | D:3      | Reached XP level 6. HP: 47/47 MP: 3/14
  2689 | D:3      | You fall into a shaft and drop 2 floors!
  2689 | D:5      | Entered Level 5 of the Dungeon
  2698 | D:5      | Noticed a black bear
  2705 | D:5      | Killed a black bear
  2706 | D:5      | Reached skill level 5 in Throwing
  2706 | D:5      | Reached skill level 5 in Evocations
  2874 | D:4      | Reached XP level 7. HP: 52/52 MP: 2/15
  3290 | D:4      | Found a staircase to the Ecumenical Temple.
  3341 | D:4      | Noticed Pikel
  3633 | D:3      | Found a snail-covered altar of Cheibriados.
  3710 | D:3      | Found Gedghargh's Book Shoppe.
  3740 | D:3      | Found an iron altar of Okawaru.
  3946 | D:3      | Killed Crazy Yiuf
  4018 | D:3      | Slain by Pikel

Illustrated notes

Levels and vault maps discovered:
D:1:      dpeg_arrival_erosion, layout_loops_ring, serial_shops, shop,
          nicolae_titane
D:2:      layout_rooms, minmay_misc_feat_columns, chequers_decorated_corner
D:3:      layout_loops_ring, kennysheep_okawaru_gauntlet,
          nicolae_overflow_crystal_walls, serial_shops, nicolae_lakefront_shop,
          grunt_decor_resistance, minmay_randomly_rotated_circles,
          uniq_crazy_yiuf_cottage, uniq_sigmund
D:4:      layout_rooms, grunt_dithmenos_smoke_and_mirrors, temple_doors_e,
          uniq_pikel
D:5:      minmay_goblin_kobold_castle, layout_basic,
          nicolae_elyvilon_peaceful_grove, amcnicky_altar_gilded,
          ebering_ghost_rock_garden, grunt_ministairs_14, skrybe_limestone_x

Skill      XL: |  1  2  3  4  5  6  7 |
---------------+----------------------+-----
Fire Magic     | 2 3 |  3.1
Spellcasting   | 5 |  5.7
Invocations    | 1 2 3 |  3.0
Short Blades   | 1 2 |  2.7
Long Blades    | 1 2 |  2.7
Axes           | 1 2 |  2.7
Maces & Flails | 1 2 |  2.7
Polearms       | 1 2 |  2.7
Staves         | 1 2 |  2.7
Ranged Weapons | 1 2 |  2.7
Armour         | 1 2 |  2.7
Dodging        | 1 2 |  2.7
Unarmed Combat | 1 2 |  2.7
Conjurations   | 1 2 |  2.2
Hexes          | 1 2 |  2.2
Summonings     | 1 2 |  2.2
Necromancy     | 1 2 |  2.2
Translocations | 1 2 |  2.2
Transmutations | 1 2 |  2.2
Ice Magic      | 1 2 |  2.2
Air Magic      | 1 2 |  2.2
Earth Magic    | 1 2 |  2.2
Poison Magic   | 1 2 |  2.2
Fighting       | 3 |  3.8
Stealth        | 3 |  3.6
Shields        | 3 |  3.8
Throwing       | 5 |  5.3
Evocations     | 5 |  5.3

Action                   |  1- 3 |  4- 6 |  7- 9 || total
-------------------------+-------+-------+-------++-------
Melee: Dagger            |     9 |       |       ||     9
       Short sword       |     3 |    13 |    34 ||    50
       Bite              |       |       |     1 ||     1
 Cast: Foxfire           |    77 |    54 |    33 ||   164
Evoke: Wand              |       |       |     1 ||     1
  Use: Scroll            |     4 |     3 |       ||     7
 Stab: Sleeping          |       |       |     5 ||     5
       Invisible         |       |       |     1 ||     1
Armor: Robe              |     2 |     1 |     3 ||     6
Dodge: Dodged            |     9 |     7 |    19 ||    35
Block: Buckler           |     2 |     1 |     5 ||     8

Table legend: (Time is in decaauts)
 A = Elapsed time spent in this place.
 B = Non-inter-level travel time spent in this place.
 C = Inter-level travel time spent in this place.
 D = Time resting spent in this place.
 E = Time spent auto-exploring this place.
 F = Levels seen in this place.
 G = Mean time per level.
                   A        B        C        D        E       F      G
               +--------+--------+--------+--------+--------+-----+--------+
         Total |   4013 |   3855 |    158 |     55 |   3221 |   5 |  802.6 |
       Dungeon |   4013 |   3855 |    158 |     55 |   3221 |   5 |  802.6 |
               +--------+--------+--------+--------+--------+-----+--------+

Top non-repeatable levels by time:
     D:3: 1358 daAuts
     D:1: 1014 daAuts
     D:2: 973 daAuts
     D:4: 537 daAuts
     D:5: 129 daAuts
